AoeStats
← 150490644@

Arena

506851196Analyzed
1v1 RM · 18d ago on Sep 15, 2026· 42m 21s· 2 players
Game mode
Random Map
Map size
Tiny (2 player)
Population
200
Speed
Normal
Resources
Standard
Victory
Conquest
Starting age
Dark Age
Ending age
Imperial Age
RankedLock teamsTeams togetherTeam positionsShared explorationLock speedFull tech treeHidden civsTurbo modeCheats
Victory
Defeat
🇹🇼 Spanish · Taiwan
1042
+15
🇮🇹 Franks · Italy
1027
-15
150490644@
10:50 Feudal Age
13:02 Double-Bit Axe
15:37 Castle Age
14:32 Gold Mining
15:52 Wheelbarrow
16:40 Bow Saw
21:51 Hand Cart
28:32 Gold Shaft Mining
27:47 Stone Mining
31:41 Imperial Age
29:31 Husbandry
29:39 Scale Barding Armor
29:45 Forging
29:52 Loom
31:58 Cavalier
34:55 Chemistry
34:40 Chain Barding Armor
34:56 Iron Casting
肥肉夫
10:33 Feudal Age
14:28 Castle Age
12:43 Double-Bit Axe
12:55 Horse Collar
15:29 Bow Saw
15:24 Heavy Plow
19:31 Loom
28:20 Imperial Age
25:56 Murder Holes
26:52 Wheelbarrow
28:06 Hand Cart
27:36 Town Watch
29:26 Supremacy
30:15 Chemistry
29:09 Sappers
30:36 Ballistics
30:58 Town Watch
31:57 Bombard Tower
33:26 Ballistics
33:17 Masonry
32:58 Fletching
35:57 Architecture
36:23 Bodkin Arrow
37:54 Town Patrol
40:07 Bracer
Connection lost

Rejoining the realm…

Still unreachable

The connection could not be restored.

Session expired

The server has moved on; the page needs a fresh start.